 Dungeon Crawl Stone Soup version 0.28.0-56-g4927b6849a (webtiles) character file.

Game seed: 1813440468768412696

28919 infinitevox the Spear-Bearer (level 13, -5/101 HPs)
             Began as a Demonspawn Hedge Wizard on Mar 12, 2022.
             Was an Elder of Makhleb.
             Slain by a salamander
             ... wielding a +4 halberd
              (11 damage)
             ... in a volcano on Feb 7, 2023.
             The game lasted 01:08:39 (14030 turns).

infinitevox the Spear-Bearer (DsWz)                Turns: 14030, Time: 01:08:40

Health: -5/101     AC: 13    Str: 12    XL:     13   Next: 12%
Magic:  0/17       EV: 16    Int: 18    God:    Makhleb [****..]
Gold:   683        SH:  0    Dex:  9    Spells: 12/18 levels left

rFire   + + .      SeeInvis +   m - +5 bardiche of Dainuuc {vorpal, rC+++ Will+ Dex-5 Stlth+}
rCold   + + +      Faith    .   (shield currently unavailable)
rNeg    . . .      Spirit   +   c - +3 leather armour {rF+}
rPois   .          Reflect  .   (helmet unavailable)
rElec   .          Harm     .   f - scarf {repulsion}
rCorr   .          Rampage  .   (no gloves)
Will    +....      Rnd*Tele +   u - +1 pair of boots
Stlth   +++.......              (no amulet)
HPRegen 0.26/turn               y - ring of fire
MPRegen 0.30/turn               C - +4 ring of protection

@: repel missiles
A: antennae 3, repulsion field 1, spiny 2, magic shield, magic regeneration,
cold resistance 1, teleportitis 1
a: Renounce Religion, Minor Destruction, Lesser Servant of Makhleb, Major
Destruction


You were in a volcano.
You worshipped Makhleb.
Makhleb was greatly pleased with you.
You visited 3 branches of the dungeon, and saw 13 of its levels.
You also visited: Volcano.

You collected 903 gold pieces.
You spent 220 gold pieces at shops.

Inventory:

Hand Weapons
 b - the +3 demon trident "Peanareo" {freeze, rElec rF- Will++ Stlth+}
   (You acquired it on level 10 of the Dungeon)

   It freezes those it strikes, dealing additional cold damage.
   It can also slow down cold-blooded creatures.
   rF:        It makes you vulnerable to fire.
   rElec:     It insulates you from electricity.
   Will:      It greatly increases your willpower.
   Stlth:     It makes you more stealthy.
 m - the +5 bardiche of Dainuuc (weapon) {vorpal, rC+++ Will+ Dex-5 Stlth+}
   (You found it on level 5 of the Dungeon)

   It inflicts extra damage upon your enemies.
   Dex:       It affects your dexterity (-5).
   rC:        It renders you almost immune to cold.
   Will:      It increases your willpower.
   Stlth:     It makes you more stealthy.
Armour
 a - a +1 leather armour of willpower
 c - a +3 leather armour of fire resistance (worn)
 f - a scarf of repulsion (worn)
 u - a +1 pair of boots (worn)
 v - a scarf of shadows
Jewellery
 x - a +6 ring of strength
 y - a ring of fire (left hand)
 C - a +4 ring of protection (right hand)
Wands
 n - a wand of flame (21)
 B - a wand of paralysis (1)
Scrolls
 i - a scroll of brand weapon
 l - 2 scrolls of teleportation
 q - 4 scrolls of immolation
 t - 2 scrolls of amnesia
 w - a scroll of vulnerability
Potions
 h - a potion of ambrosia
 k - 5 potions of brilliance
 o - 3 potions of curing
 s - a potion of flight
 z - a potion of magic
 A - a potion of resistance
Miscellaneous
 e - a condenser vane
 j - a phantom mirror
 p - a tin of tremorstones (2/2)


   Skills:
 + Level 9.5 Fighting
 - Level 12.0 Polearms
 - Level 8.0 Armour
 - Level 10.0 Dodging
 - Level 3.0 Stealth
 - Level 3.0 Spellcasting
 + Level 1.0 Conjurations
 - Level 2.0 Hexes
 - Level 1.0 Summonings
 - Level 3.0 Translocations
 - Level 2.0 Air Magic
 - Level 6.0 Evocations


You had 12 spell levels left.
You knew the following spells:

 Your Spells              Type           Power      Damage    Failure   Level
a - Magic Dart            Conj           24%        1d4       13%         1
b - Blink                 Tloc           26%        N/A       9%          2
c - Slow                  Hex            36%        N/A       9%          1
d - Passwall              Tmut/Erth      1%         N/A       30%         2

Your spell library contained the following spells:

 Spells                   Type           Power      Damage    Failure   Level
 Call Imp                 Summ           6%         N/A       21%         2
 Ensorcelled Hibernation  Hex/Ice        12%        N/A       21%         2
 Confusing Touch          Hex            9%         N/A       26%         3
 Swiftness                Air            9%         N/A       26%         3
 Scorch                   Fire           8%         2d5       30%         2
 Mephitic Cloud           Conj/Pois/Air  6%         N/A       36%         3
 Conjure Flame            Conj/Fire      6%         6-21      43%         3
 Stone Arrow              Conj/Erth      8%         3d7       43%         3
 Passage of Golubria      Tloc           13%        N/A       50%         4
 Ozocubu's Armour         Ice            2%         N/A       52%         3
 Vampiric Draining        Necr           2%         2d6       52%         3
 Iskenderun's Mystic Bla  Conj/Tloc      9%         2d4       65%         4
 Fulminant Prism          Conj/Hex       4%         3d6       71%         4
 Leda's Liquefaction      Hex/Erth       3%         N/A       78%         4
 Animate Armour           Summ/Erth      8%         N/A       85%         4
 Flame Wave               Conj/Fire      6%         2d5       85%         4
 Silence                  Hex/Air        4%         N/A       94%         5
 Metabolic Englaciation   Hex/Ice        3%         N/A       98%         5
 Lee's Rapid Deconstruct  Erth           1%         3d5*      99%         5
 Simulacrum               Ice/Necr       1%         N/A       100%        6
 Summon Cactus Giant      Summ           3%         N/A       100%        6
 Lehudib's Crystal Spear  Conj/Erth      2%         10d2      100%        8


Dungeon Overview and Level Annotations

Branches:
Dungeon (10/15)            Temple (1/1) D:5            Lair (2/6) D:8
 Shoals (0/4) Lair:2      Volcano (1/1)
  Snake: Lair:2-4    Spider: Lair:2-4       Orc: D:9-12

Altars:
Ashenzari
Cheibriados
Dithmenos
Elyvilon
Fedhas
Gozag
Hepliaklqana
Kikubaaqudgha
Makhleb
Nemelex Xobeh
Okawaru
Qazlal
Ru
Sif Muna
Trog
Uskayaw
Vehumet
Wu Jian
Xom
Yredelemnul
Zin
The Shining One

Shops:
D:5 ?   D:6 *

Annotations:
D:10 3 runed translucent doors, jjjjhere's ghost, journeyman VSFi


Innate Abilities, Weirdness & Mutations

You have a pair of large antennae on your head. (SInv)
You are surrounded by a mild repulsion field. (EV +2)
You are mostly covered in sharp spines.
When hurt, damage is shared between your health and your magic reserves.
You regenerate magic rapidly.
Your flesh is cold resistant. (rC+)
You are occasionally teleported next to monsters.


Message History

The hell hound bites you. The salamander misses you.
You closely miss the hell hound.
The hell hound is almost dead.
The hell hound barely misses you. The salamander barely misses you.
The hell hound completely misses you.
You slash the hell hound!
You kill the hell hound!
Makhleb accepts your kill.
You feel better.
In the distance, the volcano erupts with a roar.
The salamander hits you from afar with a +4 halberd!!
* * * LOW HITPOINT WARNING * * *
You are engulfed in flames.
You resist.
* * * LOW HITPOINT WARNING * * *
Okay, then.
As you read the scroll of fear, it crumbles to dust.
You assume a fearsome visage.
The two-headed ogre looks frightened!
Aiming: Paralyse
Press: ? - help, Shift-Dir - straight line, f - salamander
Aim: a salamander, wielding a +4 halberd (chance to affect: 47%)
The salamander resists with some effort.
The salamander hits you from afar with a +4 halberd!
* * * LOW HITPOINT WARNING * * *
You are engulfed in flames.
You resist.
* * * LOW HITPOINT WARNING * * *
Okay, then.
Aiming: Paralyse
Press: ? - help, Shift-Dir - straight line, f/p - salamander
Aim: a salamander, wielding a +4 halberd (chance to affect: 47%)
The salamander resists with some effort.
The salamander hits you from afar with a +4 halberd.
* * * LOW HITPOINT WARNING * * *
You are engulfed in flames.
You resist.
* * * LOW HITPOINT WARNING * * *
Aiming: Paralyse
Press: ? - help, Shift-Dir - straight line, f/p - salamander
Aim: a salamander, wielding a +4 halberd (chance to affect: 47%)
The salamander resists with some effort.
The salamander hits you from afar with a +4 halberd!
You die...

.≈§≈≈§≈≈≈≈ ≈.≈
..≈≈§≈≈§≈≈§ ##..
....^^^.... ... #####...
##... #..##...##.# ##.#
#..#.$^..#.# #.# #..
.....#.# #.#
#..##...##.## ##.#
#..@##†##...#####...
#....N†.............
≈≈≈≈.≈.≈≈.≈.≈O.≈≈≈.≈..≈
≈≈≈≈≈≈≈≈.≈≈≈≈≈≈≈.≈≈≈.≈≈≈
≈≈≈≈≈≈≈≈≈≈≈≈≈≈≈≈≈≈≈≈≈≈≈≈
≈≈≈≈≈≈≈≈≈≈≈≈≈≈≈≈≈≈≈≈≈≈≈≈
≈≈≈≈≈≈≈≈≈≈≈≈≈≈≈≈≈≈≈≈≈≈≈≈
≈≈≈≈≈≈≈≈≈≈≈≈≈≈≈≈≈≈≈≈≈≈≈≈
≈≈≈≈≈≈≈≈≈≈≈≈≈≈≈≈≈≈≈≈≈≈≈


You could see a salamander and a two-headed ogre (fleeing).

Vanquished Creatures
  Harold (D:9)
  2 boulder beetles (D:10)
  3 hydras
  2 centaur warriors
  A two-headed ogre (D:9)
  A hell hog (Volcano)
  Urug (Lair:1)
  The ghost of Jingleheimer the Carver, a novice MiFi of Yredelemnul (D:8)
  Pikel (D:4)
  A lindwurm (Lair:2)
  4 elephants (Lair:2)
  A salamander (Volcano)
  2 cyclopes (D:10)
  5 cane toads
  3 komodo dragons (Lair:1)
  2 polar bears
  A troll (D:10)
  A hornet (D:9)
  A raiju (shapeshifter) (D:10)
  7 blink frogs (Lair:1)
  A shadow (D:9)
  A wyvern (D:10)
  2 basilisks
  47 yaks
  A wraith (D:7)
  2 vampire mosquitoes (D:9)
  A fire bat (Volcano)
  2 steam dragons
  Menkaure (D:7)
  3 hell hounds (Volcano)
  5 water moccasins
  An orc warrior (D:5)
  A sky beast (D:7)
  2 black bears
  2 necrophages
  3 ice beasts
  3 ogres
  8 wolves
  5 centaurs
  A phantom (D:5)
  10 bullfrogs
  4 scorpions
  9 killer bees
  5 wights (D:8)
  3 howler monkeys (D:9)
  3 hounds
  3 quasits (D:7)
  A jelly (D:7)
  A centaur skeleton (D:7)
  A centaur zombie (D:9)
  A gnoll shaman (D:8)
  An orc priest (D:10)
  A bullfrog skeleton (D:6)
  5 iguanas
  5 orc wizards
  4 centaur simulacra
  2 bullfrog simulacra (D:4)
  Robin (D:3)
  4 gnolls (D:8)
  3 howler monkey skeletons
  4 adders
  A shadow imp (D:5)
  2 white imps (D:4)
  A howler monkey simulacrum (D:9)
  2 ufetubi
  2 adder skeletons
  3 worms
  The ghost of Icepheonix32 the Sneak, a weakling DsDe (D:4)
  A dart slug (D:2)
  2 adder simulacra (D:4)
  15 orcs
  8 endoplasms
  2 giant cockroaches
  18 goblins
  5 hobgoblins
  4 jackals
  6 quokkas
  11 ball pythons
  7 bats
  3 frilled lizards (D:2)
  5 kobolds
  5 rats
308 creatures vanquished.

Vanquished Creatures (others)
  A centaur warrior (D:10)
  A deep elf pyromancer (D:10)
  A quokka (D:6)
  3 fungi (Lair:2)
  4 plants
10 creatures vanquished.

Grand Total: 318 creatures vanquished

Notes
Turn   | Place    | Note
-------+----------+-------------------------------------------
     0 | D:1      | infinitevox the Demonspawn Hedge Wizard began the quest for
                  | the Orb.
     0 | D:1      | Reached XP level 1. HP: 13/13 MP: 4/4
   157 | D:1      | Found a faded altar of an unknown god.
   408 | D:1      | Gained mutation: You are partially covered in sharp spines.
                  | [demonic ancestry]
   408 | D:1      | Reached XP level 2. HP: 9/19 MP: 0/6
   879 | D:1      | Reached skill level 1 in Translocations
   882 | D:1      | Learned a level 2 spell: Blink
  1686 | D:2      | Gained mutation: You regenerate magic rapidly. [demonic
                  | ancestry]
  1686 | D:2      | Reached XP level 3. HP: 24/24 MP: 2/7
  2228 | D:2      | Gained mutation: When hurt, damage is shared between your
                  | health and your magic reserves. [demonic ancestry]
  2228 | D:2      | Reached XP level 4. HP: 26/31 MP: 8/8
  2840 | D:3      | Noticed an ice beast
  2845 | D:3      | Learned a level 1 spell: Slow
  2853 | D:3      | Killed an ice beast
  2854 | D:3      | Reached skill level 1 in Fighting
  2854 | D:3      | Gained mutation: You have a pair of small antennae on your
                  | head. [demonic ancestry]
  2854 | D:3      | Reached XP level 5. HP: 38/38 MP: 6/9
  3073 | D:3      | Noticed Robin
  3104 | D:3      | Killed Robin
  3798 | D:4      | Noticed an ogre
  3857 | D:4      | Gained mutation: Your flesh is cold resistant. (rC+)
                  | [potion of mutation]
  3857 | D:4      | Gained mutation: You are occasionally teleported next to
                  | monsters. [potion of mutation]
  3865 | D:4      | Reached XP level 6. HP: 25/46 MP: 4/10
  3868 | D:4      | Noticed Pikel
  3873 | D:5      | Entered Level 5 of the Dungeon
  3903 | D:5      | Reached skill level 1 in Hexes
  4039 | D:5      | Noticed an orc warrior
  4054 | D:5      | Killed an orc warrior
  4055 | D:5      | Reached skill level 1 in Evocations
  4062 | D:5      | Reached skill level 5 in Dodging
  4129 | D:5      | Gained mutation: You are mostly covered in sharp spines.
                  | [demonic ancestry]
  4129 | D:5      | Reached XP level 7. HP: 32/52 MP: 4/11
  4259 | D:5      | Reached skill level 1 in Air Magic
  4383 | D:5      | Found a staircase to the Ecumenical Temple.
  4393 | Temple   | Entered the Ecumenical Temple
  4594 | Temple   | Upgraded the game from 0.28.0-43-g3370ac3207 to
                  | 0.28.0-56-g4927b6849a
  4617 | Temple   | Became a worshipper of Makhleb the Destroyer
  4692 | D:5      | Identified the +5 bardiche of Dainuuc {vorpal, rC+++ Will+
                  | Dex-5 Stlth+}
  4840 | D:5      | Reached skill level 2 in Polearms
  5140 | D:5      | Found Duuxae's Magic Scroll Emporium.
  5144 | D:5      | Bought a scroll of magic mapping for 38 gold pieces
  5144 | D:5      | Bought a scroll of fear for 38 gold pieces
  5144 | D:5      | Bought 2 scrolls of identify for 44 gold pieces
  5278 | D:5      | Found a stormy altar of Qazlal.
  5563 | D:5      | Reached skill level 3 in Polearms
  5692 | D:6      | Reached XP level 8. HP: 58/58 MP: 10/12
  5755 | D:6      | Reached skill level 4 in Polearms
  5953 | D:6      | Reached * piety under Makhleb
  6166 | D:6      | Found Boygyi's General Store.
  6169 | D:6      | Bought a +0 pair of boots for 45 gold pieces
  6169 | D:6      | Bought a scroll of identify for 20 gold pieces
  6169 | D:6      | Bought a scroll of amnesia for 35 gold pieces
  6262 | D:6      | Reached skill level 5 in Polearms
  6494 | D:7      | Reached skill level 6 in Polearms
  6664 | D:7      | Noticed Menkaure
  6666 | D:7      | Killed Menkaure
  6667 | D:7      | Gained mutation: You have a pair of antennae on your head.
                  | [demonic ancestry]
  6667 | D:7      | Reached XP level 9. HP: 65/65 MP: 13/13
  6966 | D:7      | Reached skill level 7 in Polearms
  7329 | D:7      | Learned a level 2 spell: Passwall
  7422 | D:4      | Killed Pikel
  7423 | D:4      | Reached skill level 8 in Polearms
  7455 | D:4      | Reached skill level 5 in Fighting
  7842 | D:4      | Noticed Icepheonix32's ghost (weakling DsDe)
  7872 | D:4      | Found a runed translucent gate.
  7872 | D:4      | Found a runed translucent gate.
  7872 | D:4      | Found a runed translucent gate.
  7882 | D:4      | Killed Icepheonix32's ghost
  7900 | D:4      | Reached ** piety under Makhleb
  8103 | D:4      | Found an ornate altar of the Wu Jian Council.
  8275 | D:8      | Reached skill level 9 in Polearms
  8369 | D:8      | Found a staircase to the Lair.
  8607 | D:8      | Found a runed translucent door.
  8608 | D:8      | Noticed Jingleheimer's ghost (novice MiFi)
  8608 | D:8      | Noticed a centaur warrior
  8854 | D:8      | Gained mutation: You have a pair of large antennae on your
                  | head. (SInv) [demonic ancestry]
  8854 | D:8      | Reached XP level 10. HP: 68/76 MP: 14/14
  9036 | D:8      | Found a hide-covered altar of Uskayaw.
  9222 | D:8      | Killed a centaur warrior
  9227 | D:8      | Killed Jingleheimer's ghost
  9228 | D:8      | Reached skill level 10 in Polearms
  9622 | D:9      | Noticed a two-headed ogre
  9756 | D:9      | Killed a two-headed ogre
  9796 | D:9      | Reached skill level 11 in Polearms
 10146 | D:9      | Noticed Harold
 10154 | D:9      | Killed Harold
 10155 | D:9      | Gained mutation: You are surrounded by a mild repulsion
                  | field. (EV +2) [demonic ancestry]
 10155 | D:9      | Reached XP level 11. HP: 22/87 MP: 12/15
 10636 | D:10     | Entered Level 10 of the Dungeon
 10647 | D:10     | Found a shimmering altar of Xom.
 10877 | D:10     | Reached *** piety under Makhleb
 11150 | D:10     | Reached skill level 12 in Polearms
 11172 | D:10     | Noticed a seven-headed hydra
 11206 | D:10     | Noticed a deep elf pyromancer
 11206 | D:10     | Noticed a centaur warrior
 11211 | D:10     | Killed a deep elf pyromancer
 11212 | D:10     | Noticed a centaur warrior
 11213 | D:10     | Noticed a boulder beetle
 11215 | D:10     | Killed a centaur warrior
 11222 | D:10     | Killed a centaur warrior
 11233 | D:10     | Killed a ten-headed hydra
 11253 | D:10     | Killed a boulder beetle
 11503 | D:10     | Identified a scroll of acquirement
 11503 | D:10     | Acquired the +3 demon trident "Peanareo" {freeze, rElec rF-
                  | Will++ Stlth+}
 11551 | D:10     | Reached skill level 1 in Armour
 11771 | D:10     | Found a runed translucent gate.
 11771 | D:10     | Found a runed translucent gate.
 11771 | D:10     | Found a runed translucent gate.
 11772 | D:10     | Noticed an 11-headed hydra
 11773 | D:10     | Noticed jjjjhere's ghost (journeyman VSFi)
 11868 | D:10     | Noticed a boulder beetle
 11869 | D:10     | Got Horelel's Catalogue of the Mountains
 12077 | D:10     | Killed a boulder beetle
 12078 | D:10     | Reached XP level 12. HP: 65/95 MP: 11/16
 12349 | Lair:1   | Entered Level 1 of the Lair of Beasts
 12359 | Lair:1   | Noticed a five-headed hydra
 12370 | Lair:1   | Killed a five-headed hydra
 12488 | Lair:1   | Noticed Urug
 12496 | Lair:1   | Killed Urug
 12556 | Lair:1   | Reached **** piety under Makhleb
 12561 | Lair:1   | Reached skill level 5 in Armour
 12594 | Lair:1   | Noticed an eight-headed hydra
 12602 | Lair:1   | Killed a 12-headed hydra
 13281 | Lair:1   | Reached skill level 10 in Dodging
 13287 | Lair:1   | Reached skill level 5 in Evocations
 13832 | Lair:2   | Reached XP level 13. HP: 50/101 MP: 9/17
 13863 | Lair:2   | Found a dark tunnel.
 13880 | Volcano  | Entered a volcano
 14029 | Volcano  | HP: 5/101 [salamander/+4 halberd (2)]
 14030 | Volcano  | Slain by a salamander

Illustrated notes

Levels and vault maps discovered:
D:1:      erik_arrival_orb_chamber, layout_loops_corners,
          ebering_ecumenical_altar_rust
D:2:      layout_basic, minmay_pentomino_t4
D:3:      layout_loops_cross, minmay_misc_feat_nine_boxes, st_stairs_13,
          grunt_decor_one_mirror, minmay_misc_feat_diagonals, item_on_display_a,
          uniq_robin
D:4:      layout_cave_pools, mainiacjoe_overflow_catwalk, gammafunk_ghost_icy,
          uniq_pikel
D:5:      layout_loops_ring, nicolae_qazlal_scattered_showers,
          minmay_temple_entry_ruins, serial_shops, shop
D:6:      layout_rooms, elyvilon_altar_4, serial_shops, kennysheep_mini_moat
D:7:      cheibrodos_quashed, layout_basic, uniq_menkaure
D:8:      layout_loops_cross, minitemple, lair_entry_dummy,
          ebering_ghost_inner_flame
D:9:      layout_loops_ring, mainiacjoe_overflow_surrounded_room, serial_ice,
          serial_ice_a, serial_ice_l, serial_ice_o, serial_ice_c, uniq_harold
D:10:     minmay_the_grid_four_pointed_star
          [minmay_the_grid_triangle_9x9_warning,
          minmay_the_grid_triangle_9x9_intruding_spiral,
          minmay_the_grid_triangle_9x9_empty,
          minmay_the_grid_triangle_9x9_swiss_cheese,
          minmay_the_grid_prize_four_corners_diamond_b], layout_irregular_city,
          xom_teletrap_fun, gammafunk_ghost_hydra_chop, serial_bayou_pond_a
Temple:   regret_index_temple_generic_petals
Lair:1:   layout_cave_shapes, beast_lair_carwin_9, grunt_megastairs_4,
          lemuel_fruit_fields, uniq_urug
Lair:2:   layout_misc_corridors, elwin_shoals_entry_rooms,
          nicolae_volcano_entry_vermiform, grunt_megastairs_5
Volcano:  volcano_village

Skill      XL: |  1  2  3  4  5  6  7  8  9 10 11 12 13 |
---------------+----------------------------------------+-----
Stealth        | 2 3 |  3.0
Dodging        | 2 3 4 5 8 10 | 10.0
Translocations | 1 3 |  3.0
Fighting       | 1 2 3 5 8 9 |  9.5
Hexes          | 2 |  2.0
Evocations     | 2 3 5 6 |  6.0
Air Magic      | 1 2 |  2.0
Polearms       | 3 6 9 11 12 | 12.0
Armour         | 3 7 8 |  8.0
Spellcasting   | |  3.0
Conjurations   | |  1.0
Summonings     | |  1.0

Action                   |  1- 3 |  4- 6 |  7- 9 | 10-12 | 13-15 || total
-------------------------+-------+-------+-------+-------+-------++-------
Melee: Dagger            |    16 |       |       |       |       ||    16
       Rapier            |    10 |    63 |     8 |       |       ||    81
       Spear             |     5 |       |       |       |       ||     5
       Bardiche          |       |       |   145 |   378 |    30 ||   553
 Cast: Magic Dart        |    97 |    26 |    20 |     4 |       ||   147
       Slow              |       |     7 |     1 |       |       ||     8
       Passwall          |       |       |     2 |       |       ||     2
       Blink             |       |       |       |     1 |       ||     1
Evoke: Wand              |       |    10 |       |    13 |     3 ||    26
  Use: Potion            |       |     4 |     1 |     6 |     1 ||    12
       Scroll            |       |     1 |    11 |    12 |     1 ||    25
 Stab: Sleeping          |     1 |     4 |    10 |     9 |       ||    24
       Distracted        |       |       |     2 |       |       ||     2
       Paralysed         |       |       |       |     6 |       ||     6
Armor: Robe              |     4 |     6 |    55 |    42 |       ||   107
       Leather armour    |       |       |       |    63 |    10 ||    73
Dodge: Dodged            |    17 |    22 |   146 |   253 |    35 ||   473
       Repelled          |       |     2 |     2 |       |       ||     4
